[Event "ICC tourney 1984 (45 10)"]
[Site "Internet Chess Club"]
[Date "2020.08.29"]
[Round "2"]
[White "xiaoqixia"]
[Black "TjkTiger"]
[Result "0-1"]
[ICCResult "White resigns"]
[WhiteElo "2133"]
[BlackElo "2584"]
[Opening "Réti opening"]
[ECO "A04"]
[NIC "QP.10"]
[Time "13:31:33"]
[TimeControl "2700+10"]

1. Nf3 c5 2. b3 d6 3. e3 e5 4. Bb5+ Nc6 5. Nc3 Nf6 6. d4 e4 7. d5 a6 8. Ng5
axb5 9. dxc6 bxc6 10. Ngxe4 b4 11. Qf3 bxc3 12. Nxf6+ gxf6 13. Qxc6+ Bd7 14.
Qe4+ Be7 15. a4 f5 16. Qf3 O-O 17. h3 Kh8 18. g4 Bg5 19. gxf5 Qf6 20. h4 Bh6
21. e4 Bxc1 22. Rxc1 Rae8 23. Kf1 Bc6 24. Re1 Qe5 25. Rh3 Bxe4 26. Qxc3 Qxc3
27. Rxc3 Bg2+ 28. Kxg2 Rxe1 29. Rd3 Rd8 30. Kg3 Kg7 31. Kf4 Kf6 32. f3 Re5
33. Kg3 Kxf5 34. f4 Re2 35. c4 Ke4 36. Rd1 Rg8+ 37. Kh3 Kf3 38. Rd3+ Re3 39.
Rxd6 Kf2+ 40. Kh2 Rg2+ {White resigns} 0-1

[Event "ICC tourney 1984 (45 10)"]
[Site "Internet Chess Club"]
[Date "2020.08.29"]
[Round "2"]
[White "PappusChain923"]
[Black "hilariouspanda"]
[Result "1-0"]
[ICCResult "Black checkmated"]
[WhiteElo "2211"]
[BlackElo "2062"]
[Opening "Benoni defense"]
[ECO "A61"]
[NIC "OI.09"]
[Time "13:31:16"]
[TimeControl "2700+10"]

1. d4 c5 2. d5 e6 3. c4 Nf6 4. Nc3 exd5 5. cxd5 d6 6. Nf3 g6 7. Bf4 Bg7 8.
e3 O-O 9. Be2 Bg4 10. O-O Bxf3 11. Bxf3 a6 12. a4 Re8 13. h3 Qc7 14. a5 Nbd7
15. Qc2 b5 16. axb6 Nxb6 17. Rfd1 Nfd7 18. Be2 c4 19. Na4 Reb8 20. Nxb6 Rxb6
21. Qxc4 Qxc4 22. Bxc4 Bxb2 23. Ra2 Nc5 24. Rb1 Rab8 25. Bxd6 Rxd6 26. Raxb2
Ra8 27. f3 Na4 28. Rb8+ Rxb8 29. Rxb8+ Kg7 30. e4 a5 31. e5 Rb6 32. Rc8 Rb1+
33. Bf1 Rd1 34. d6 Rd5 35. f4 Nb6 36. Rc6 Nd7 37. Rc7 Nb6 38. Rb7 Na4 39.
Bc4 Rd1+ 40. Kh2 Nc5 41. Rxf7+ Kh6 42. Rc7 Ne4 43. Bg8 g5 44. Bxh7 Nd2 45.
Bd3 Nb3 46. Rh7# {Black checkmated} 1-0

[Event "ICC tourney 1984 (45 10)"]
[Site "Internet Chess Club"]
[Date "2020.08.29"]
[Round "2"]
[White "Kokoro"]
[Black "Joelpaulg"]
[Result "0-1"]
[ICCResult "White resigns"]
[WhiteElo "2160"]
[BlackElo "2131"]
[Opening "Sicilian: Anderssen variation"]
[ECO "B41"]
[NIC "SI.41"]
[Time "13:32:10"]
[TimeControl "2700+10"]

1. e4 c5 2. Nf3 e6 3. d4 cxd4 4. Nxd4 Nf6 5. Nc3 Nc6 6. Nxc6 bxc6 7. Bd3 d5
8. O-O Be7 9. Qe2 O-O 10. Rd1 Nd7 11. Qe1 Nc5 12. Bf1 f5 13. exf5 exf5 14.
g3 Ne4 15. Bg2 Re8 16. Be3 Bf6 17. Rab1 Nxc3 18. bxc3 Qa5 19. c4 Bc3 20. Qe2
Ba6 21. Qf3 Bxc4 22. Qxf5 Re7 23. Bg5 Re5 24. Qf4 Rf8 25. Qh4 Be2 26. Rdc1
Qc5 27. Bf4 Rh5 28. Qxh5 Bxh5 29. Rb7 g5 30. Be3 d4 {White resigns} 0-1

[Event "ICC tourney 1984 (45 10)"]
[Site "Internet Chess Club"]
[Date "2020.08.29"]
[Round "2"]
[White "Baseballchamp"]
[Black "town"]
[Result "0-1"]
[ICCResult "White resigns"]
[WhiteElo "2047"]
[BlackElo "2140"]
[Opening "Sicilian: Alapin's variation (2.c3)"]
[ECO "B22"]
[NIC "SI.46"]
[Time "13:31:20"]
[TimeControl "2700+10"]

1. e4 c5 2. c3 d5 3. exd5 Qxd5 4. d4 Nc6 5. Nf3 Bf5 6. Na3 e6 7. Be3 O-O-O
8. Bc4 Qe4 9. O-O h6 10. Re1 Qg4 11. Qa4 Be4 12. Be2 Nf6 13. Nc4 cxd4 14.
cxd4 Nd5 15. Ncd2 Bb4 16. h3 Qg6 17. Nh4 Qh7 18. Rac1 Kb8 19. Nxe4 Qxe4 20.
Bf3 Qxh4 21. Bxd5 Rxd5 22. g3 Qe7 23. Rxc6 Bxe1 24. Bf4+ e5 25. dxe5 bxc6
26. Qxc6 Qb7 27. e6+ Ka8 {White resigns} 0-1

[Event "ICC tourney 1984 (45 10)"]
[Site "Internet Chess Club"]
[Date "2020.08.29"]
[Round "2"]
[White "erickzhao"]
[Black "annameiyappan"]
[Result "1-0"]
[ICCResult "Black checkmated"]
[WhiteElo "2277"]
[BlackElo "2041"]
[Opening "Scandinavian (center counter) defense"]
[ECO "B01"]
[NIC "SD.01"]
[Time "13:31:14"]
[TimeControl "2700+10"]

1. e4 d5 2. exd5 Qxd5 3. Nc3 Qa5 4. d4 c6 5. Bc4 Nf6 6. Nf3 Bf5 7. O-O e6 8.
Ne2 Bd6 9. Bf4 Qc7 10. Bxd6 Qxd6 11. Ng3 Bg6 12. Bb3 Nbd7 13. c4 O-O 14. Qe2
Rad8 15. Rad1 Qc7 16. Rfe1 Rfe8 17. Ne5 Nxe5 18. dxe5 Nd7 19. f4 Nc5 20. Bc2
Bxc2 21. Qxc2 Rxd1 22. Rxd1 Rd8 23. b4 Rxd1+ 24. Qxd1 Qd7 25. Qxd7 Nxd7 26.
Ne4 b5 27. Nd6 a6 28. c5 Kf8 29. Kf2 f5 30. h4 h5 31. Nb7 Ke7 32. Ke3 Nb8
33. Na5 Ke8 34. Nb3 Kd7 35. Nd4 Ke7 36. Kd3 Kd7 37. Ne2 Ke7 38. Ng3 g6 39.
Ne2 Ke8 40. Nd4 Kd7 41. Nf3 Ke7 42. Ng5 Nd7 43. Nh7 Kf7 44. a3 Ke7 45. Ke3
Kf7 46. Ng5+ Ke7 47. Nf3 Nb8 48. Nd4 Kd7 49. Kd3 Ke7 50. Kc3 Kd7 51. Nb3 Kd8
52. Kd3 Kc8 53. Ke3 Kc7 54. Nd4 Kd7 55. Nf3 Ke7 56. Ng5 Nd7 57. Nh7 Kf7 58.
Nf6 Nxf6 59. exf6 Kxf6 60. Kd4 e5+ 61. fxe5+ Ke6 62. g3 Ke7 63. Ke3 Ke6 64.
Kf4 Kd5 65. Kg5 Kxe5 66. Kxg6 f4 67. gxf4+ Kxf4 68. Kxh5 Kf5 69. Kh6 Kf6 70.
h5 Kf7 71. Kg5 Kg7 72. h6+ Kh7 73. Kh5 Kh8 74. Kg6 Kg8 75. h7+ Kh8 76. Kh6
a5 77. bxa5 b4 78. a6 b3 79. a7 b2 80. a8=Q# {Black checkmated} 1-0

[Event "ICC tourney 1984 (45 10)"]
[Site "Internet Chess Club"]
[Date "2020.08.29"]
[Round "2"]
[White "IndianTerritory"]
[Black "tedchen"]
[Result "0-1"]
[ICCResult "White resigns"]
[WhiteElo "1995"]
[BlackElo "2300"]
[Opening "Robatsch defense: two knights variation"]
[ECO "B06"]
[NIC "KF.05"]
[Time "13:31:19"]
[TimeControl "2700+10"]

1. e4 g6 2. d4 Bg7 3. Nc3 d6 4. Nf3 Nc6 5. Bb5 Bd7 6. O-O Nf6 7. Bf4 O-O 8.
Qd2 Nxd4 9. Qxd4 e5 10. Nxe5 Bxb5 11. Nxb5 Nh5 12. Qe3 Nxf4 13. Nf3 a6 14.
Nbd4 Ne6 15. Nxe6 fxe6 16. e5 dxe5 17. Nxe5 Qd5 18. Nd3 Rad8 19. Nf4 Qd2 20.
Nxe6 Qxe3 21. fxe3 Rxf1+ 22. Kxf1 Rd2 23. Nxg7 Kxg7 24. Re1 Rxc2 25. Re2
Rc1+ 26. Kf2 Kf6 27. e4 Ke5 28. Ke3 b5 29. g3 c5 30. h3 c4 31. Rd2 Re1+ 32.
Kf3 Rxe4 33. Rd7 Rd4 34. Rxh7 Rd3+ 35. Ke2 Rxg3 36. Kd2 g5 37. Rh6 a5 38.
Ra6 a4 39. Rb6 Rxh3 40. Rxb5+ Kf4 41. Rb4 g4 42. Rxc4+ Kf3 43. Rxa4 g3 44.
Ra3+ Kf2 45. Re3 g2 46. Re2+ Kf3 47. Rxg2 Kxg2 48. a4 Rf3 49. a5 Kg3 50. a6
Kg4 51. a7 Rf8 52. Kd3 Kf5 53. Kd4 Ra8 54. Kc5 Rxa7 55. b4 Ke6 56. Kc6 Ra1
57. Kc5 Kd7 58. b5 Kc7 59. b6+ Kb7 60. Kd4 Rb1 61. Ke4 Rxb6 62. Kd5 Rb1 63.
Kd4 Kc6 64. Ke4 Rb5 65. Kd4 Ra5 66. Ke4 Kd6 67. Kf4 Ke6 68. Ke4 Ra4+ 69. Kd3
Ke5 70. Kc3 Kd5 71. Kb3 Rh4 72. Kc3 Rg4 73. Kd3 Rg3+ 74. Ke2 Kd4 75. Kf2 Ra3
76. Ke2 Rb3 77. Kf2 Ke4 78. Kg2 Kf4 79. Kf2 Rb2+ 80. Ke1 Kf3 81. Kd1 Ke3 82.
Kc1 Rh2 83. Kd1 Rg2 84. Kc1 Kd3 85. Kb1 Kc3 86. Ka1 Kb3 {White resigns} 0-1

[Event "ICC tourney 1984 (45 10)"]
[Site "Internet Chess Club"]
[Date "2020.08.29"]
[Round "2"]
[White "BrainOnFire"]
[Black "Monkeybomb3605"]
[Result "1/2-1/2"]
[ICCResult "Game drawn by repetition"]
[WhiteElo "2080"]
[BlackElo "1978"]
[Opening "King's Indian: fianchetto, Panno variation"]
[ECO "E63"]
[NIC "KI.71"]
[Time "13:31:19"]
[TimeControl "2700+10"]

1. d4 Nf6 2. Nf3 g6 3. g3 Bg7 4. Bg2 O-O 5. c4 d6 6. O-O Nc6 7. Nc3 a6 8. b3
Rb8 9. Bb2 b5 10. cxb5 axb5 11. Rc1 Bd7 12. Re1 b4 13. Na4 Na5 14. e4 Bxa4
15. bxa4 d5 16. exd5 Nxd5 17. Ne5 e6 18. Rc5 Bxe5 19. Rxe5 c6 20. Qd2 Qb6
21. Qh6 Nb7 22. Re4 Qc7 23. Rh4 f5 24. Rxc6 Qf7 25. Rxe6 Rfd8 26. Re5 Nc3
27. Bxc3 bxc3 28. Bd5 Rxd5 29. Rxd5 c2 30. Rb5 Rc8 31. Qc1 Nd6 32. Rb2 Qc4
33. d5 Ne4 34. d6 Qe2 35. Rxe4 fxe4 36. d7 Qd1+ 37. Kg2 Qf3+ 38. Kg1 Qd1+
39. Kg2 Qf3+ 40. Kh3 Qh5+ 41. Kg2 Qf3+ 42. Kg1 Qd1+ {Game drawn by
repetition} 1/2-1/2

[Event "ICC tourney 1984 (45 10)"]
[Site "Internet Chess Club"]
[Date "2020.08.29"]
[Round "2"]
[White "drberkley"]
[Black "CARTERD253"]
[Result "0-1"]
[ICCResult "White resigns"]
[WhiteElo "1904"]
[BlackElo "2272"]
[Opening "Vienna gambit"]
[ECO "C29"]
[NIC "VG.03"]
[Time "13:31:18"]
[TimeControl "2700+10"]

1. e4 e5 2. Nc3 Nf6 3. f4 d5 4. exd5 exf4 5. Nf3 Bd6 6. Be2 O-O 7. O-O c6 8.
dxc6 Nxc6 9. d4 Bg4 10. Nb5 Bb8 11. c3 a6 12. Na3 b5 13. Ng5 Bxe2 14. Qxe2
Re8 15. Qf3 Qd5 16. Bxf4 Bxf4 17. Qxf4 Re2 18. Rf2 Rxf2 19. Kxf2 Qxg5 20.
Qxg5 Ne4+ 21. Kf3 Nxg5+ 22. Kf4 f6 23. Re1 Kf7 24. Nc2 Re8 25. Rxe8 Kxe8 26.
h4 Ne6+ 27. Ke4 Kd7 28. b4 Nc7 29. Ne3 g6 30. g4 Kd6 31. a3 Ne7 32. c4 f5+
33. gxf5 gxf5+ 34. Kd3 f4 35. c5+ Ke6 36. Ng4 h5 37. Ne5 Kf5 38. Nf7 Ned5
39. Ne5 Ne3 40. Nf3 Nc4 41. a4 Nb2+ 42. Kd2 Nxa4 43. d5 Nxd5 44. Nd4+ Ke4
45. Ne6 Nxb4 {White resigns} 0-1

[Event "ICC tourney 1984 (45 10)"]
[Site "Internet Chess Club"]
[Date "2020.08.29"]
[Round "2"]
[White "tactics321"]
[Black "binomialfactor"]
[Result "1/2-1/2"]
[ICCResult "Game drawn by repetition"]
[WhiteElo "2556"]
[BlackElo "2212"]
[Opening "Catalan: open, 5.Nf3"]
[ECO "E04"]
[NIC "CA.03"]
[Time "13:31:19"]
[TimeControl "2700+10"]

1. d4 d5 2. c4 e6 3. Nf3 Nf6 4. g3 dxc4 5. Bg2 Bd7 6. Nbd2 Bc6 7. Nxc4 Bb4+
8. Bd2 Bxd2+ 9. Qxd2 O-O 10. O-O Nbd7 11. Rac1 Bd5 12. Qf4 Bxc4 13. Rxc4 c6
14. e4 Qb6 15. b3 c5 16. e5 Nd5 17. Qe4 cxd4 18. Nxd4 Rfd8 19. Rfc1 Nf8 20.
h4 Rd7 21. Rc5 a6 22. h5 Rad8 23. R1c4 h6 24. Kh2 f5 25. Qe2 Nf4 26. Qe3
Nxg2 27. Kxg2 Qa7 28. Nf3 b5 29. Rc2 Rd3 30. Qf4 Qf7 31. g4 g5 32. hxg6 Qxg6
33. Nh4 Qxg4+ 34. Qxg4+ fxg4 35. Rc8 Rxc8 36. Rxc8 Kg7 37. Rc7+ Kg8 38. Rc8
Kf7 39. Rc7+ Kg8 40. Rc8 {Game drawn by repetition} 1/2-1/2

[Event "ICC tourney 1984 (45 10)"]
[Site "Internet Chess Club"]
[Date "2020.08.29"]
[Round "2"]
[White "musk6868"]
[Black "Plato"]
[Result "1/2-1/2"]
[ICCResult "Game drawn by mutual agreement"]
[WhiteElo "2025"]
[BlackElo "2077"]
[Opening "Sicilian: Kan, 5.Nc3"]
[ECO "B43"]
[NIC "SI.41"]
[Time "13:32:10"]
[TimeControl "2700+10"]

1. e4 c5 2. Nf3 e6 3. d4 cxd4 4. Nxd4 a6 5. Nc3 Qc7 6. Be3 Nf6 7. Bd3 b5 8.
a3 Bb7 9. Qe2 d6 10. O-O-O Be7 11. g4 Nc6 12. Nxc6 Bxc6 13. g5 Nd7 14. f4
Qb7 15. Rhe1 Nc5 16. f5 O-O-O 17. Qg4 Kb8 18. Qf4 e5 19. Qf3 Nd7 20. Bf1 Rc8
21. Rd2 h6 22. h4 hxg5 23. hxg5 Rh4 24. Nd5 Bxd5 25. Rxd5 Nb6
{Game drawn by mutual agreement}
1/2-1/2

[Event "ICC tourney 1984 (45 10)"]
[Site "Internet Chess Club"]
[Date "2020.08.29"]
[Round "2"]
[White "helavir"]
[Black "jy2020"]
[Result "1-0"]
[ICCResult "Black resigns"]
[WhiteElo "2644"]
[BlackElo "2239"]
[Opening "Sicilian: Najdorf, Byrne (English) attack"]
[ECO "B90"]
[NIC "SI.14"]
[Time "13:32:10"]
[TimeControl "2700+10"]

1. e4 c5 2. Nf3 d6 3. d4 cxd4 4. Nxd4 Nf6 5. Nc3 a6 6. Be3 e5 7. Nf3 Be7 8.
Bc4 O-O 9. O-O Nc6 10. Bg5 Be6 11. Bb3 Rc8 12. Bxf6 Bxf6 13. Nd5 Bxd5 14.
Qxd5 Qc7 15. c3 Ne7 16. Qd3 Rfd8 17. Rfd1 h6 18. Rd2 g6 19. Rad1 Nc6 20. h4
h5 21. g3 Kg7 22. Ne1 Ne7 23. Ng2 b5 24. Ne3 Qb6 25. Qe2 Qc6 26. Qf3 a5 27.
a3 Rc7 28. g4 hxg4 29. Nxg4 Ng8 30. h5 Bg5 31. Nxe5 Qe8 32. Nxf7 Bxd2 33.
Nxd8 Qxd8 34. Rxd2 Qg5+ 35. Qg2 Qxd2 36. Qxg6+ Kf8 37. Qxg8+ Ke7 38. Qe6+
Kd8 39. Qg8+ Kd7 40. Be6+ Kc6 41. Bd5+ Kd7 42. Qe6+ Kd8 43. Qxd6+ Rd7 44.
Qf6+ Kc7 45. h6 Qd1+ 46. Kh2 Qh5+ 47. Kg3 Rd6 48. Qe7+ Rd7 49. Qc5+ Kd8 50.
Qb6+ Ke7 51. Qe6+ Kd8 52. Kf4 Qe2 53. Qb6+ Ke7 54. h7 Qd2+ 55. Qe3 Qxe3+ 56.
Kxe3 Rd8 57. Bg8 {Black resigns} 1-0

[Event "ICC tourney 1984 (45 10)"]
[Site "Internet Chess Club"]
[Date "2020.08.29"]
[Round "2"]
[White "lmperatorX"]
[Black "canary2016"]
[Result "1-0"]
[ICCResult "Black checkmated"]
[WhiteElo "2130"]
[BlackElo "1995"]
[Opening "Caro-Kann: Tartakower (Nimzovich) variation"]
[ECO "B15"]
[NIC "CK.06"]
[Time "13:31:15"]
[TimeControl "2700+10"]

1. e4 c6 2. d4 d5 3. Nc3 dxe4 4. Nxe4 Nf6 5. Nxf6+ exf6 6. c3 Bd6 7. Bd3 O-O
8. Ne2 Re8 9. Qc2 h5 10. Be3 Be6 11. h4 Nd7 12. O-O Qc7 13. c4 b6 14. a3 a5
15. b3 Rac8 16. Qd2 Nf8 17. Nf4 g6 18. b4 axb4 19. axb4 Qd7 20. Nxe6 Nxe6
21. Ra6 Bc7 22. Be2 Ng7 23. d5 Qd6 24. g3 cxd5 25. cxd5 Re4 26. Bf4 Qxb4 27.
Qxb4 Rxb4 28. Rc1 Re8 29. Rxc7 Rxe2 30. Ra8+ Kh7 31. Rxf7 Rb1+ 32. Kg2 Rbb2
33. Raa7 Rxf2+ 34. Kg1 Rg2+ 35. Kf1 Rh2 36. Rxg7+ Kh8 37. Rh7+ Kg8 38. Rag7+
Kf8 39. Bd6+ Ke8 40. Rh8# {Black checkmated} 1-0

[Event "ICC tourney 1984 (45 10)"]
[Site "Internet Chess Club"]
[Date "2020.08.29"]
[Round "2"]
[White "MrNormalName"]
[Black "Aleksandrov73"]
[Result "0-1"]
[ICCResult "White checkmated"]
[WhiteElo "2187"]
[BlackElo "2710"]
[Opening "Catalan: open, 5.Nf3"]
[ECO "E04"]
[NIC "CA.03"]
[Time "13:32:10"]
[TimeControl "2700+10"]

1. d4 Nf6 2. c4 e6 3. g3 d5 4. Bg2 dxc4 5. Nf3 Nc6 6. e3 Bd7 7. Qe2 b5 8. b3
Bb4+ 9. Bd2 Bxd2+ 10. Nfxd2 Nb4 11. Na3 c6 12. O-O Qa5 13. Ndb1 cxb3 14.
axb3 Qd8 15. Nc3 Nbd5 16. Qd3 b4 17. Nxd5 cxd5 18. Nc2 a5 19. e4 dxe4 20.
Bxe4 Rc8 21. Ne3 Rc3 22. Qb1 O-O 23. Bg2 Bb5 24. Rd1 Qb6 25. Qb2 h6 26. Qa2
Bd3 27. d5 e5 28. Qxa5 Qxa5 29. Rxa5 Rxb3 30. d6 e4 31. Nd5 Rd8 32. Nxf6+
gxf6 33. Rd5 Kf8 34. Rd4 f5 35. Bh3 f4 36. gxf4 Bc2 37. Rc1 Rb2 38. Bf5 b3
39. d7 Ra2 40. Rb4 Ra5 41. Bxe4 Bxe4 42. Rxe4 Rxd7 43. Rb4 Rd3 44. Rc8+ Kg7
45. Rcb8 Ra1+ 46. Kg2 Rb1 47. R4b6 Rb2 48. h3 h5 49. R8b7 h4 50. Rb8 Rg3+
51. Kf1 Rxh3 52. Kg2 Rg3+ 53. Kf1 Rf3 54. Kg1 h3 55. f5 Rbxf2 56. f6+ Kh7
57. Kh1 Rc2 58. Kg1 Rg2+ 59. Kh1 Rf1# {White checkmated} 0-1

[Event "ICC tourney 1984 (45 10)"]
[Site "Internet Chess Club"]
[Date "2020.08.29"]
[Round "2"]
[White "saiabhi29"]
[Black "kurumania"]
[Result "0-1"]
[ICCResult "White resigns"]
[WhiteElo "2059"]
[BlackElo "2512"]
[Opening "Queen's pawn: London system"]
[ECO "A45"]
[NIC "QP.07"]
[Time "13:32:10"]
[TimeControl "2700+10"]

1. d4 Nf6 2. Bf4 d6 3. Nc3 Nc6 4. e4 e5 5. dxe5 Nxe5 6. Bxe5 dxe5 7. Qxd8+
Kxd8 8. Bc4 Bb4 9. O-O-O+ Ke7 10. Nge2 c6 11. a4 Ng4 12. Rdf1 Bc5 13. Nd1
Rd8 14. h3 Nf6 15. Ndc3 a6 16. f4 Nd7 17. Kb1 b5 18. Bb3 f6 19. g4 b4 20.
Nd1 a5 21. Nf2 Ba6 22. Nd3 Bd6 23. g5 Rf8 24. h4 Nc5 25. Nxc5 Bxc5 26. Rh2
exf4 27. Rf3 fxg5 28. hxg5 Be3 29. Nc1 Rad8 30. Nd3 Bxd3 31. cxd3 Rxd3 32.
Rxh7 Rxb3 33. Kc2 Rxb2+ 34. Kxb2 Kf7 35. Rh2 Kg6 36. Rg2 Rd8 37. Rc2 c5 38.
Kb3 Rd4 39. e5 Re4 40. Rf1 Rxe5 41. Kc4 Kxg5 42. Kb5 c4+ 43. Kxc4 Kf5 44.
Kd3 g5 45. Rc8 g4 46. Rf8+ Kg5 47. Rh1 f3 48. Re1 Bd4 49. Rxe5+ Bxe5 50. Ke4
Bf6 51. Rg8+ Kh4 52. Kf5 f2 53. Rxg4+ Kh3 54. Rf4 Kg3 55. Rg4+ Kf3 56. Rf4+
Ke3 57. Re4+ Kd3 58. Rf4 Bd4 59. Ke6 Be3 60. Rf5 Ke2 61. Kd5 b3 {White
resigns} 0-1

[Event "ICC tourney 1984 (45 10)"]
[Site "Internet Chess Club"]
[Date "2020.08.29"]
[Round "2"]
[White "rjc64uk"]
[Black "xyzchessdude"]
[Result "1-0"]
[ICCResult "Black resigns"]
[WhiteElo "2114"]
[BlackElo "2037"]
[Opening "Sicilian"]
[ECO "B56"]
[NIC "SI.25"]
[Time "13:31:20"]
[TimeControl "2700+10"]

1. e4 c5 2. Nf3 Nc6 3. d4 cxd4 4. Nxd4 Nf6 5. Nc3 d6 6. f4 e5 7. Nb3 Be7 8.
f5 O-O 9. Be3 d5 10. exd5 Nb4 11. g4 Nfxd5 12. Nxd5 Bh4+ 13. Bf2 Bxf2+ 14.
Kxf2 Nxd5 15. Qf3 Qb6+ 16. Kg3 Bd7 17. Bd3 Nf6 18. Rhe1 Rae8 19. Nd2 Bc6 20.
Ne4 Nxe4+ 21. Bxe4 Bxe4 22. Qxe4 Rc8 23. Rab1 Rfe8 24. c3 Qc7 25. Rbd1 f6
26. h4 Red8 27. g5 Rxd1 28. Rxd1 Rd8 29. Rxd8+ Qxd8 30. Qc4+ Kh8 31. g6 Qb8
32. h5 e4+ 33. Kg4 hxg6 34. hxg6 e3 35. Kf3 Qe8 36. Qh4+ Kg8 37. Qh7+ Kf8
38. Qh8+ Ke7 39. Qxg7+ Kd6 40. Qxf6+ Kc5 41. Qd4+ Kb5 42. Qxe3 Qc6+ 43. Qe4
Qf6 44. Qd5+ Ka4 45. Qe4+ Ka5 46. a4 b6 47. Qb4+ Ka6 48. Qc4+ Kb7 49. Qf7+
{Black resigns}
1-0

[Event "ICC tourney 1984 (45 10)"]
[Site "Internet Chess Club"]
[Date "2020.08.29"]
[Round "3"]
[White "TjkTiger"]
[Black "tedchen"]
[Result "1-0"]
[ICCResult "Black checkmated"]
[WhiteElo "2589"]
[BlackElo "2295"]
[Opening "English: four knights, Nimzovich variation"]
[ECO "A28"]
[NIC "EO.09"]
[Time "16:03:03"]
[TimeControl "2700+10"]

1. c4 e5 2. Nc3 Nf6 3. Nf3 Nc6 4. e4 d6 5. h3 g6 6. d3 Bg7 7. g3 O-O 8. Bg2
Nd7 9. Bg5 f6 10. Be3 Nc5 11. d4 exd4 12. Nxd4 Ne5 13. Qe2 Ned3+ 14. Kf1 a5
15. Rd1 Ne5 16. Kg1 Nc6 17. Nxc6 bxc6 18. Bxc5 Qe7 19. Be3 f5 20. exf5 Bxf5
21. Bd4 Qd7 22. Bxg7 Kxg7 23. Kh2 Rae8 24. Qd2 h5 25. Rhe1 Rxe1 26. Rxe1 Rf7
27. Ne4 h4 28. Qd4+ Kh6 29. Nf6 hxg3+ 30. fxg3 Qd8 31. Qh4+ Kg7 32. Ne8+ Kg8
33. Qxd8 Bxh3 34. Nxd6+ Kg7 35. Nxf7 Kxf7 36. Re7+ Kf6 37. Qf8+ Kg5 38. Qf4+
Kh5 39. Qh4# {Black checkmated} 1-0

[Event "ICC tourney 1984 (45 10)"]
[Site "Internet Chess Club"]
[Date "2020.08.29"]
[Round "3"]
[White "rjc64uk"]
[Black "IndianTerritory"]
[Result "1/2-1/2"]
[ICCResult "Game drawn by repetition"]
[WhiteElo "2109"]
[BlackElo "2000"]
[Opening "Caro-Kann: two knights variation"]
[ECO "B11"]
[NIC "CK.01"]
[Time "16:02:48"]
[TimeControl "2700+10"]

1. e4 c6 2. Nc3 d5 3. Nf3 dxe4 4. Nxe4 Nf6 5. Qe2 Nxe4 6. Qxe4 Qa5 7. Ne5
Nd7 8. Nc4 Qd5 9. Qxd5 cxd5 10. Ne3 e5 11. Nxd5 Bd6 12. Bc4 O-O 13. O-O Nb6
14. Nxb6 axb6 15. d3 Bd7 16. Be3 b5 17. Bb3 b4 18. f4 exf4 19. Bxf4 Bc5+ 20.
Kh1 Rfe8 21. Bxf7+ Kxf7 22. Bd6+ Kg6 23. Bxc5 Rac8 24. Bd4 Rxc2 25. Rf3 Kh6
26. Raf1 Ree2 27. Rg3 g6 28. Bf6 Kh5 29. Rg5+ Kh6 30. Rg3 Kh5 31. Rg5+ Kh6
32. Rg3 {Game drawn by repetition} 1/2-1/2

[Event "ICC tourney 1984 (45 10)"]
[Site "Internet Chess Club"]
[Date "2020.08.29"]
[Round "3"]
[White "Chessking2008"]
[Black "tactics321"]
[Result "0-1"]
[ICCResult "White checkmated"]
[WhiteElo "2153"]
[BlackElo "2559"]
[Opening "Sicilian"]
[ECO "B56"]
[NIC "SI.25"]
[Time "16:02:49"]
[TimeControl "2700+10"]

1. e4 c5 2. Nf3 Nc6 3. d4 cxd4 4. Nxd4 Nf6 5. Nc3 d6 6. Be3 Ng4 7. Bb5 Nxe3
8. Nxc6 Nxd1 9. Nxd8+ Kxd8 10. Rxd1 e6 11. Bc4 a6 12. a4 Ke7 13. O-O g6 14.
Rd3 Bg7 15. Rfd1 Be5 16. g3 Bd7 17. Bb3 g5 18. Ne2 g4 19. c3 Bc6 20. Re3 h5
21. Nd4 Bd7 22. f4 Bg7 23. Ne2 b5 24. a5 Bc6 25. Bd5 Rac8 26. Bxc6 Rxc6 27.
Nd4 Bxd4 28. Rxd4 Rhc8 29. Red3 f6 30. Kg2 R8c7 31. f5 e5 32. Rd5 Rd7 33.
Kf2 b4 34. Ke3 bxc3 35. Rxc3 Rxc3+ 36. bxc3 Rb7 37. Rd2 Rb5 38. Kd3 Rxa5 39.
Rb2 Rb5 40. Rxb5 axb5 41. c4 bxc4+ 42. Kxc4 Kd8 43. Kb4 Kd7 44. Kb3 Kc6 45.
Kc4 d5+ 46. exd5+ Kd6 47. Kc3 Kxd5 48. Kd3 e4+ 49. Kd2 Ke5 50. Ke3 Kd5 51.
Kd2 Kd4 52. Ke2 e3 53. Ke1 Kd3 54. Kd1 e2+ 55. Ke1 Ke3 56. h4 gxh3 57. g4 h2
58. gxh5 h1=R# {White checkmated} 0-1

[Event "ICC tourney 1984 (45 10)"]
[Site "Internet Chess Club"]
[Date "2020.08.29"]
[Round "3"]
[White "BrianDeSousa"]
[Black "Baseballchamp"]
[Result "1/2-1/2"]
[ICCResult "Game drawn by mutual agreement"]
[WhiteElo "2078"]
[BlackElo "2042"]
[Opening "Queen's pawn, Mason variation"]
[ECO "D00"]
[NIC "QP.08"]
[Time "16:02:48"]
[TimeControl "2700+10"]

1. d4 d5 2. Bf4 Bf5 3. e3 e6 4. c4 Bxb1 5. Qxb1 Bb4+ 6. Kd1 dxc4 7. Bxc4 Ne7
8. Nf3 Nbc6 9. a3 Bd6 10. Bg3 Nf5 11. Ke2 Qf6 12. b4 a6 13. Rd1 Bxg3 14.
hxg3 O-O 15. g4 Nd6 16. Bd3 g6 17. a4 b5 18. Rc1 Ne7 19. g5 Qg7 20. Rxc7 Nd5
21. Rc1 Rac8 22. Qb2 Nc4 23. Bxc4 bxc4 24. b5 a5 25. Ne5 c3 26. Qb3 f6 27.
Nd3 fxg5 28. e4 Qxd4 29. exd5 Qe4+ 30. Kf1 Qxd3+ 31. Kg1 Qxd5 32. Rxc3 Qe5
33. Rac1 Rcd8 34. Re3 Qd5 35. b6 Rb8 36. Qxd5 exd5 37. Rc5 Rxb6 38. Rxd5
Rb1+ 39. Kh2 Rxf2 40. Re7 Rf7 41. Rxf7 Kxf7 42. Rxg5 Ra1
{Game drawn by mutual agreement}
1/2-1/2

[Event "ICC tourney 1984 (45 10)"]
[Site "Internet Chess Club"]
[Date "2020.08.29"]
[Round "3"]
[White "CARTERD253"]
[Black "HR2005"]
[Result "1-0"]
[ICCResult "Black checkmated"]
[WhiteElo "2309"]
[BlackElo "2087"]
[Opening "King's Indian: Petrosian system, Stein variation"]
[ECO "E92"]
[NIC "KI.17"]
[Time "16:02:44"]
[TimeControl "2700+10"]

1. d4 Nf6 2. c4 g6 3. Nc3 Bg7 4. e4 d6 5. Be2 O-O 6. Nf3 e5 7. d5 a5 8. O-O
Na6 9. Qc2 Nc5 10. Bg5 h6 11. Be3 Nfd7 12. Nd2 f5 13. f3 f4 14. Bf2 Rf7 15.
b3 Bf8 16. a3 g5 17. b4 Na6 18. Qb2 h5 19. h3 Rg7 20. Rfc1 g4 21. fxg4 Nf6
22. g5 Rxg5 23. Nf3 Rg7 24. Kf1 Be7 25. c5 Kh8 26. b5 Nxc5 27. Bxc5 dxc5 28.
Nxe5 Bd6 29. Nc4 Qe7 30. Bf3 Nd7 31. b6 Nxb6 32. Nxb6 cxb6 33. Qxb6 Ra6 34.
Qb3 Be5 35. Ra2 Bd4 36. Ne2 Be3 37. Rc3 Qh4 38. Rxe3 fxe3 39. Qxe3 Rf6 40.
Ng1 Bd7 41. a4 Qg3 42. e5 Rf8 43. e6 Be8 44. Qxc5 Kg8 45. d6 Bxa4 46. e7 Rf4
47. Qd5+ Rff7 48. Rxa4 Qxg2+ 49. Ke1 Qxg1+ 50. Ke2 Qh2+ 51. Kd3 Qxh3 52.
e8=Q+ Kh7 53. Qee4+ Kh8 54. Qxh5+ Qxh5 55. Bxh5 Rg3+ 56. Kd4 b5 57. Bxf7
bxa4 58. Qe5+ Kh7 59. Qxg3 a3 60. Qg6+ Kh8 61. Qg8# {Black checkmated} 1-0

[Event "ICC tourney 1984 (45 10)"]
[Site "Internet Chess Club"]
[Date "2020.08.29"]
[Round "3"]
[White "musk6868"]
[Black "Kokoro"]
[Result "1-0"]
[ICCResult "Black resigns"]
[WhiteElo "2042"]
[BlackElo "2123"]
[Opening "Sicilian: Najdorf, Adams attack"]
[ECO "B90"]
[NIC "SI.14"]
[Time "16:03:38"]
[TimeControl "2700+10"]

1. e4 c5 2. Nf3 d6 3. d4 cxd4 4. Nxd4 Nf6 5. Nc3 a6 6. h3 e5 7. Nde2 h5 8.
g3 Be7 9. Bg2 Be6 10. O-O b5 11. Be3 Qc8 12. h4 Nc6 13. Nd5 Bxd5 14. exd5
Na5 15. b3 Qc7 16. Qd2 O-O 17. Bg5 Rfe8 18. c3 Nb7 19. b4 Nd7 20. Bxe7 Rxe7
21. Qg5 Nf6 22. Rfd1 Qc4 23. Bf1 Qc7 24. Rac1 Rae8 25. a3 e4 26. Nd4 Re5 27.
Nf5 g6 28. Qxf6 Rxf5 29. Qd4 Ree5 30. c4 Qe7 31. Bh3 Rf3 32. cxb5 axb5 33.
Rc8+ Kh7 34. Bg2 Rxa3 35. Bxe4 Qd7 36. Rdc1 Nc5 37. R8xc5 Qg4 38. Rc7 Rf3
39. Re1 Rxg3+ 40. fxg3 Qxg3+ 41. Kf1 Qf4+ 42. Qf2 Rxe4 43. Rxf7+ {Black
resigns} 1-0